 Dungeon Crawl Stone Soup version 0.28.0-45-g0d030f2227 (webtiles) character file.

Game seed: 12299076084792042185

32 101zpm the Skirmisher (level 3, 0/24 HPs)
             Began as a Gargoyle Fighter on Apr 10, 2022.
             Slain by an adder (2 damage)
             ... on level 1 of the Dungeon.
             The game lasted 00:01:09 (1551 turns).

101zpm the Skirmisher (Gargoyle Fighter)            Turns: 1551, Time: 00:01:10

Health: 0/24       AC: 10    Str: 21    XL:     3   Next: 25%
Magic:  3/3        EV:  9    Int:  8    God:
Gold:   17         SH:  4    Dex:  9    Spells: 2/2 levels left

rFire   . . .      SeeInvis .   a - +0 flail
rCold   . . .      Faith    .   c - +0 buckler
rNeg    + . .      Spirit   .   b - +0 scale mail
rPois   ∞          Reflect  .   (no helmet)
rElec   +          Harm     .   (no cloak)
rCorr   .          Rampage  .   (no gloves)
Will    .....                   (no boots)
Stlth   ..........              (no amulet)
HPRegen 0.08/turn               (no ring)
MPRegen 0.08/turn               (no ring)

@: no status effects
A: sickness immunity, AC +3, negative energy resistance 1, electricity
resistance, torment resistance 1, petrification resistance
a: no special abilities


You were on level 1 of the Dungeon.
You visited 1 branch of the dungeon, and saw 2 of its levels.

You collected 17 gold pieces.

Inventory:

Hand Weapons
 a - a +0 flail (weapon)
Missiles
 e - 18 bolts
 f - 25 stones (quivered)
Armour
 b - a +0 scale mail (worn)
 c - a +0 buckler (worn)
Scrolls
 h - a scroll of immolation {unknown}
Potions
 d - a potion of might
 g - a potion of haste {unknown}


   Skills:
 + Level 3.8 Fighting
 + Level 2.4 Maces & Flails
 + Level 3.7 Armour
 + Level 3.5 Shields


You had 2 spell levels left.
You didn't know any spells.
Your spell library was empty.

Dungeon Overview and Level Annotations

Branches:
Dungeon (2/15)

Altars:

Annotations:
D:2 Sigmund


Innate Abilities, Weirdness & Mutations

You are immune to sickness and miasma.
Your stone body is resilient. (AC +3)
You are immune to poison.
You resist negative energy. (rN+)
You are resistant to electric shocks. (rElec)
You are resistant to unholy torment.
You are immune to petrification.


Message History

The quokka barely misses you.
You hit Sigmund.
Sigmund is lightly wounded.
The adder bites you.
A jackal comes into view.
Sigmund closely misses you. You block the quokka's attack.
The adder misses you.
The jackal moves out of view.
You hit Sigmund.
Sigmund is moderately wounded.
The adder barely misses you. The quokka completely misses you.
Sigmund hits you with a +0 scythe!
* * * LOW HITPOINT WARNING * * *
The quokka closely misses you. The adder closely misses you.
You are too injured to fight recklessly!
You are too injured to fight recklessly!
You are too injured to fight recklessly!
You are too injured to fight recklessly!
You are too injured to fight recklessly!
You are too injured to fight recklessly!
You are too injured to fight recklessly!
You are too injured to fight recklessly!
You are too injured to fight recklessly!
The adder bites you.
* * * LOW HITPOINT WARNING * * *
The quokka barely misses you. Sigmund closely misses you.
The quokka bites you but does no damage.
The adder bites you but does no damage. The quokka bites you.
* * * LOW HITPOINT WARNING * * *
There is a stone staircase leading up here.
The adder bites you but does no damage. The quokka barely misses you.
You climb upwards.
There is a stone staircase leading down here.
The adder barely misses you.
You miss the adder.
The adder bites you but does no damage. x2
You barely miss the adder. The adder bites you but does no damage.
You miss the adder. The adder closely misses you. The adder barely misses you.
You hit the adder.
The adder is moderately wounded.
The adder bites you but does no damage. The adder bites you.
You die...

############# # #...........#
# #.#########.# ##### #
#.##P..PP #.###...##
#.#########.....#..#
#.##P..P.##...####.#
#.#########.### #.#
#......rS@..# #.#
#####.......##########.#######
#...........>.................
#.###........#########....)...
### ########.# ######.##


.PP #.# ###........ ##### #.# ###...###...# #.# ##...####..... ##### #.#
##..#####...>.. You could see an adder and a quokka.

Vanquished Creatures
  2 dart slugs (D:1)
  3 endoplasms (D:1)
  2 giant cockroaches (D:1)
  4 goblins (D:1)
  A kobold (D:1)
  3 quokkas (D:1)
  2 ball pythons (D:1)
  5 bats (D:1)
  2 frilled lizards (D:1)
  A rat (D:1)
25 creatures vanquished.

Notes
Turn   | Place    | Note
-------+----------+-------------------------------------------
     0 | D:1      | 101zpm the Gargoyle Fighter began the quest for the Orb.
     0 | D:1      | Reached XP level 1. HP: 14/14 MP: 1/1
   445 | D:1      | Reached XP level 2. HP: 18/19 MP: 2/2
   927 | D:1      | Reached XP level 3. HP: 20/24 MP: 3/3
  1531 | D:2      | Noticed Sigmund
  1551 | D:1      | Slain by an adder

Illustrated notes

Levels and vault maps discovered:
D:1:      dpeg_arrival_central, layout_basic, serial_aquarium,
          aquarium_bridge_long_joined [aquarium_subvault_bridge,
          aquarium_subvault_bridge, aquarium_subvault_bridge,
          aquarium_subvault_balcony, aquarium_subvault_balcony,
          aquarium_subvault_wall], aquarium_window_fake,
          aquarium_window_corridor_2, aquarium_window_double,
          aquarium_window_fake, aquarium_view_2b, aquarium_pool_2
D:2:      layout_basic, hellmonk_ecumenical_altar_leap_of_faith, serial_glass,
          glass_columns_a, glass_columns_a, uniq_sigmund,
          uniq_crazy_yiuf_cottage

Action                   || total
-------------------------++-------
Melee: Flail             ||   106
Armor: Scale mail        ||    66
Dodge: Dodged            ||    77
Block: Buckler           ||    17
